 Dungeon Crawl Stone Soup version 0.28-a0-1382-g92835e5c71 (webtiles) character file.

Game seed: 12750078339137478688

817 bande the Covered (level 7, -2/44 HPs)
             Began as a Gargoyle Fighter on Jan 1, 2022.
             Slain by a lemure (3 damage)
             ... led by Pikel
             ... on level 4 of the Dungeon.
             The game lasted 00:07:53 (4584 turns).

bande the Covered (Gargoyle Fighter)                Turns: 4584, Time: 00:07:54

Health: -2/44      AC: 18    Str: 21    XL:     7   Next: 94%
Magic:  7/7        EV:  8    Int: 11    God:
Gold:   271        SH:  4    Dex: 11    Spells: 6/6 levels left

rFire   + . .      SeeInvis .   e - +1 hand axe (freeze)
rCold   . . .      Faith    .   c - +0 buckler
rNeg    + . .      Spirit   .   j - +2 chain mail {rF+}
rPois   ∞          Reflect  .   k - +0 helmet
rElec   +          Harm     .   (no cloak)
rCorr   +          Rampage  .   (no gloves)
Will    .....      Rage     1%  (no boots)
Stlth   ..........              (no amulet)
HPRegen 0.14/turn               f - ring of resist corrosion
MPRegen 0.10/turn               (no ring)

@: no status effects
A: sickness immunity, AC +4, negative energy resistance 1, electricity
resistance, torment resistance 1, petrification resistance, berserk 1, clever 1,
strong 1
a: no special abilities


You were on level 4 of the Dungeon.
You visited 1 branch of the dungeon, and saw 4 of its levels.

You collected 271 gold pieces.

Inventory:

Hand Weapons
 a - a +1 war axe
 e - a +1 hand axe of freezing (weapon)
Missiles
 n - 2 throwing nets (quivered)
Armour
 c - a +0 buckler (worn)
 j - a +2 chain mail of fire resistance (worn)
 k - a +0 helmet (worn)
Jewellery
 b - a ring of positive energy
 f - a ring of resist corrosion (left hand)
 o - an amulet of magic regeneration
Wands
 h - a wand of iceblast (3)
Scrolls
 l - a scroll of identify
Potions
 d - a potion of haste
 g - a potion of flight
 i - a potion of might
 m - 3 potions of curing


   Skills:
 + Level 4.9 Fighting
 + Level 5.6 Axes
 + Level 6.0 Armour
 + Level 4.3 Shields


You had 6 spell levels left.
You didn't know any spells.
Your spell library contained the following spells:

 Spells                   Type           Power      Damage    Failure   Level
 Conjure Flame            Conj/Fire      0%         6-21      100%        3
 Ignite Poison            Fire/Tmut/Pois 0%         N/A       100%        3
 Sticky Flame             Conj/Fire      0%         2d3       100%        4


Dungeon Overview and Level Annotations

Branches:
Dungeon (4/15)
 Temple: D:4-7

Altars:
Fedhas

Shops:
D:4 *

Annotations:
D:4 Pikel


Innate Abilities, Weirdness & Mutations

You are immune to sickness and miasma.
Your stone body is resilient. (AC +4)
You are immune to poison.
You resist negative energy. (rN+)
You are resistant to electric shocks. (rElec)
You are resistant to unholy torment.
You are immune to petrification.
You tend to lose your temper in combat.
Your mind is acute. (Int +2)
Your muscles are strong. (Str +2)


Message History

Pikel hits you with a +0 whip of flaming.
The lemure hits you. The lemure hits you but does no damage.
Unknown command.
You closely miss Pikel.
Pikel is heavily wounded.
You closely miss the lemure. You hit the lemure but do no damage.
You barely miss the lemure. The lemure hits you.
Pikel hits you but does no damage. The lemure hits you but does no damage.
You block the lemure's attack.
Unknown command.
You hit Pikel. You freeze Pikel.
Pikel is severely wounded.
You completely miss the lemure. You closely miss the lemure.
You hit the lemure. You freeze the lemure.
The lemure hits you but does no damage. Pikel hits you but does no damage.
The lemure closely misses you. The lemure hits you but does no damage.
You hit Pikel. You freeze Pikel.
Pikel is severely wounded.
You barely miss the lemure. You hit the lemure but do no damage.
You barely miss the lemure. The lemure hits you. Pikel barely misses you.
The lemure barely misses you. The lemure hits you!
* * * LOW HITPOINT WARNING * * *
Unknown command.
You miss Pikel.
Pikel is severely wounded.
You hit the lemure. You freeze the lemure. You hit the lemure but do no damage.
You hit the lemure. You freeze the lemure. The lemure barely misses you.
Pikel hits you with a +0 whip of flaming!
* * * LOW HITPOINT WARNING * * *
Pikel burns you.
* * * LOW HITPOINT WARNING * * *
The lemure hits you.
* * * LOW HITPOINT WARNING * * *
The lemure hits you but does no damage.
You hit Pikel. You freeze Pikel.
Pikel is almost dead.
You barely miss the lemure. You miss the lemure. You hit the lemure.
You freeze the lemure. The lemure barely misses you. Pikel barely misses you.
The lemure hits you.
You die...

#####.###..#
#.#....#
##'####.#
... #.#
###.###.#
#.....#.#
#...).#.#
#...5...#
#...5@#.#
#...5K#.#
#.....5..#
#..#.#####
#. #. .. ..
### # .#
##<## ..
#...# #.8.#


You could see Pikel and 4 lemures.

Vanquished Creatures
  Sigmund (D:2)
  Menkaure (D:4)
  A necrophage (D:4)
  Blork the orc (D:4)
  A water moccasin skeleton (D:4)
  Jessica (D:2)
  Ijyb (D:3)
  Natasha (thrice) (D:4)
  2 hound skeletons
  Robin (D:3)
  4 adders
  3 adder skeletons
  A worm (D:4)
  A dart slug (D:4)
  5 endoplasms
  4 giant cockroaches
  28 goblins
  9 hobgoblins
  8 jackals
  2 quokkas
  12 ball pythons
  5 bats
  2 frilled lizards
  4 kobolds
  7 rats
108 creatures vanquished.

Vanquished Creatures (others)
  A plant (D:3)
1 creature vanquished.

Grand Total: 109 creatures vanquished

Notes
Turn   | Place    | Note
-------+----------+-------------------------------------------
     0 | D:1      | bande the Gargoyle Fighter began the quest for the Orb.
     0 | D:1      | Reached XP level 1. HP: 14/14 MP: 1/1
   238 | D:1      | Reached XP level 2. HP: 17/19 MP: 2/2
   582 | D:1      | Found a faded altar of an unknown god.
   719 | D:1      | Reached XP level 3. HP: 11/23 MP: 3/3
  1468 | D:2      | Noticed Sigmund
  1589 | D:2      | Killed Sigmund
  1590 | D:2      | Reached skill level 4 in Armour
  1590 | D:2      | Reached XP level 4. HP: 18/29 MP: 4/4
  1590 | D:2      | Reached XP level 5. HP: 21/33 MP: 5/5
  1762 | D:2      | Noticed Jessica
  1768 | D:2      | Killed Jessica
  1769 | D:2      | Reached XP level 6. HP: 34/38 MP: 6/6
  2428 | D:3      | Gained mutation: You tend to lose your temper in combat.
                  | [potion of mutation]
  2428 | D:3      | Gained mutation: Your muscles are strong. (Str +2) [potion
                  | of mutation]
  2428 | D:3      | Gained mutation: Your mind is acute. (Int +2) [potion of
                  | mutation]
  2686 | D:3      | Noticed Ijyb
  2715 | D:3      | Killed Ijyb
  2839 | D:3      | Found a blossoming altar of Fedhas.
  3129 | D:3      | Noticed Robin
  3135 | D:3      | Reached skill level 5 in Armour
  3145 | D:3      | Killed Robin
  3489 | D:4      | Noticed Menkaure
  3503 | D:4      | Killed Menkaure
  3504 | D:4      | Reached XP level 7. HP: 44/44 MP: 7/7
  3589 | D:4      | Noticed Natasha
  3603 | D:4      | Killed Natasha
  3691 | D:4      | Reached skill level 5 in Axes
  3831 | D:4      | Noticed Blork the orc
  3845 | D:4      | Killed Blork the orc
  4280 | D:4      | Noticed Natasha
  4336 | D:4      | Killed Natasha
  4371 | D:4      | Noticed Natasha
  4378 | D:4      | Killed Natasha
  4423 | D:4      | Found Sage's General Store.
  4442 | D:4      | Reached skill level 6 in Armour
  4562 | D:4      | Noticed Pikel
  4583 | D:4      | HP: 1/44 [lemure[Pikel] (2)]
  4584 | D:4      | Slain by a lemure

Illustrated notes

Levels and vault maps discovered:
D:1:      wander_arrival_peaceful_grave, layout_basic,
          ebering_ecumenical_altar_box, serial_curves, eino_curves_03,
          eino_curves_04
D:2:      cheibrodos_greedy_goblins, layout_loops_ring, uniq_jessica,
          uniq_sigmund
D:3:      layout_loops_ring, fedhas_altar_1, serial_rivers,
          chequers_serial_rivers_small_b, chequers_serial_rivers_micro_b,
          chequers_serial_rivers_micro_c, chequers_serial_rivers_micro_a,
          chequers_serial_rivers_micro_d, st_stairs_1,
          kennysheep_generic_room_3, uniq_robin, uniq_ijyb
D:4:      layout_loops_ring, serial_shops, nicolae_shop_hallway_plus,
          grunt_ministairs_4, minmay_misc_feat_rugged, uniq_menkaure,
          uniq_blork_the_orc, uniq_natasha, uniq_pikel

Skill      XL: |  1  2  3  4  5  6  7 |
---------------+----------------------+-----
Axes           | 2 3 4 5 |  5.6
Fighting       | 4 |  4.9
Armour         | 4 5 6 |  6.0
Shields        | 4 |  4.3

Action                   |  1- 3 |  4- 6 |  7- 9 || total
-------------------------+-------+-------+-------++-------
Melee: War axe           |    12 |       |       ||    12
       Hand axe          |    68 |   170 |    94 ||   332
  Use: Potion            |     1 |     1 |       ||     2
       Scroll            |       |     7 |     3 ||    10
Armor: Scale mail        |    37 |    66 |       ||   103
       Chain mail        |       |    35 |    61 ||    96
Dodge: Dodged            |    30 |    55 |    54 ||   139
Block: Buckler           |    14 |    37 |    19 ||    70

Table legend: (Time is in decaauts)
 A = Elapsed time spent in this place.
 B = Non-inter-level travel time spent in this place.
 C = Inter-level travel time spent in this place.
 D = Time resting spent in this place.
 E = Time spent auto-exploring this place.
 F = Levels seen in this place.
 G = Mean time per level.
                   A        B        C        D        E       F      G
               +--------+--------+--------+--------+--------+-----+--------+
         Total |   4691 |   4625 |     66 |    971 |   2790 |   4 | 1172.8 |
       Dungeon |   4691 |   4625 |     66 |    971 |   2790 |   4 | 1172.8 |
               +--------+--------+--------+--------+--------+-----+--------+

Top non-repeatable levels by time:
     D:1: 1479 daAuts
     D:3: 1187 daAuts
     D:4: 1134 daAuts
     D:2: 890 daAuts
